 Dungeon Crawl Stone Soup version 0.29.1-15-g9cfb28693d (webtiles) character file.

Game seed: 17250375810037601494

99887 CougarLife the Severer (level 15, 139/139 HPs)
             Began as a Minotaur Fighter on Oct 18, 2022.
             Was a High Priest of Okawaru.
             Quit the game on level 13 of the Dungeon on Jan 20, 2024.
             The game lasted 01:06:11 (33007 turns).

CougarLife the Severer (Minotaur Fighter)          Turns: 33007, Time: 01:06:12

Health: 139/139    AC: 24    Str: 27 (28) XL:     15   Next: 79%
Magic:  21/21      EV: 28    Int:  6 (9)  God:    Okawaru [*****.]
Gold:   2508       SH: 17    Dex:  9 (10) Spells: 14/14 levels left

rFire   . . .      SeeInvis .   N - +7 broad axe "Ixerobb" {pain, rPois rC+ Str+4 Stlth-}
rCold   + + .      Faith    .   Y - +0 tower shield
rNeg    . . .      Spirit   .   L - +0 acid dragon scales
rPois   +          Reflect  .   i - +1 hat {Will+}
rElec   .          Harm     .   u - +0 cloak
rCorr   +          Rampage  .   a - +2 pair of gloves
Will    ++...                   G - +3 pair of mountain boots {steadfast, rC+}
Stlth   ..........              o - amulet of the acrobat
HPRegen 0.33/turn               H - +4 ring of evasion
MPRegen 0.17/turn               E - +4 ring of protection

@: acrobatic
A: horns 2, retaliatory headbutt
a: Renounce Religion, Heroism, Finesse, Duel


You were on level 13 of the Dungeon.
You worshipped Okawaru.
Okawaru was extremely pleased with you.
You visited 4 branches of the dungeon, and saw 22 of its levels.

You collected 2508 gold pieces.

Inventory:

Hand Weapons
 n - the +5 mace "Newtbane" {freeze, Will++ Int+4}
   (You took it off a centaur on level 8 of the Dungeon)

   It freezes those it strikes, dealing additional cold damage.
   It can also slow down cold-blooded creatures.
   Int:       It affects your intelligence (+4).
   Will:      It greatly increases your willpower.
 N - the +7 broad axe "Ixerobb" (weapon) {pain, rPois rC+ Str+4 Stlth-}
   (Okawaru gifted it to you on level 10 of the Dungeon)

   In the hands of one skilled in necromantic magic, it inflicts extra damage on
   living creatures.
   Str:       It affects your strength (+4).
   rC:        It protects you from cold.
   rPois:     It protects you from poison.
   Stlth:     It makes you less stealthy.
 T - the +9 war axe "Qeucud" {vorpal, Fly Will+ Str+2}
   (You found it on level 9 of the Dungeon)

   It inflicts extra damage upon your enemies.
   Str:       It affects your strength (+2).
   Fly:       It grants you flight.
   Will:      It increases your willpower.
Missiles
 c - 6 javelins
 r - 6 silver boomerangs
 t - 57 poisoned darts (quivered)
 K - 9 boomerangs
 O - 3 throwing nets
 P - 2 curare-tipped darts
 W - 6 silver javelins
Armour
 a - a +2 pair of gloves (worn)
 i - a +1 hat of willpower (worn)
 u - a +0 cloak (worn)
 B - +0 ice dragon scales
 G - the +3 pair of mountain boots (worn) {steadfast, rC+}
   (Okawaru gifted it to you on level 5 of the Lair of Beasts)

   It prevents involuntary movement, except for blinking, teleportation, or
   banishment.
   rC:        It protects you from cold.
 L - +0 acid dragon scales (worn)
 Y - a +0 tower shield (worn)
Jewellery
 o - an amulet of the acrobat (around neck)
 E - a +4 ring of protection (right hand)
 H - a +4 ring of evasion (left hand)
 S - a ring of resist corrosion
Wands
 l - a wand of roots (22)
 D - a wand of digging (8)
 F - a wand of polymorph (9)
 Q - a wand of mindburst (1)
 V - a wand of flame (22)
Scrolls
 b - 2 scrolls of torment
 d - 3 scrolls of poison
 e - 10 scrolls of teleportation
 g - 3 scrolls of noise
 h - 4 scrolls of fear
 p - a scroll of enchant armour
 q - 4 scrolls of immolation
 s - 5 scrolls of amnesia
 v - a scroll of identify
 y - 9 scrolls of magic mapping
 I - 4 scrolls of blinking
 M - a scroll of vulnerability
 R - a scroll of enchant weapon
 U - a scroll of silence {unknown}
Potions
 f - 6 potions of curing
 j - a potion of might
 k - 2 potions of berserk rage {unknown}
 m - 2 potions of haste
 w - 4 potions of brilliance
 x - 3 potions of invisibility {unknown}
 z - 2 potions of attraction {unknown}
 A - 9 potions of ambrosia
 C - 5 potions of degeneration
 J - 4 potions of mutation {unknown}
 X - 4 potions of lignification {unknown}
 Z - 2 potions of heal wounds


   Skills:
 + Level 14.3 Fighting
 - Level 18.0 Axes
 * Level 10.3 Throwing
 + Level 14.4 Armour
 + Level 14.4 Shields
 - Level 10.2 Invocations


You had 14 spell levels left.
You didn't know any spells.
Your spell library contained the following spells:

 Spells                   Type           Power      Damage    Failure   Level
 Foxfire                  Conj/Fire      0%         2x1d4     92%         1
 Blink                    Tloc           0%         N/A       98%         2
 Ensorcelled Hibernation  Hex/Ice        0%         N/A       98%         2
 Passwall                 Tmut/Erth      0%         N/A       98%         2
 Sublimation of Blood     Necr           0%         N/A       98%         2
 Wereblood                Tmut           0%         N/A       98%         2
 Conjure Flame            Conj/Fire      0%         6-21      100%        3
 Dazzling Flash           Conj/Hex       0%         N/A       100%        3
 Gell's Gravitas          Tloc           0%         N/A       100%        3
 Inner Flame              Hex/Fire       0%         N/A       100%        3
 Lesser Beckoning         Tloc           0%         N/A       100%        3
 Stone Arrow              Conj/Erth      0%         3d7       100%        3
 Swiftness                Air            0%         N/A       100%        3
 Teleport Other           Tloc           0%         N/A       100%        3
 Anguish                  Hex/Necr       0%         N/A       100%        4
 Flame Wave               Conj/Fire      0%         2d4       100%        4
 Hailstorm                Conj/Ice       0%         3d3       100%        4
 Ice Form                 Ice/Tmut       0%         N/A       100%        4
 Passage of Golubria      Tloc           0%         N/A       100%        4
 Agony                    Necr           0%         N/A       100%        5
 Manifold Assault         Tloc           0%         N/A       100%        5
 Silence                  Hex/Air        0%         N/A       100%        5
 Yara's Violent Unravell  Hex/Tmut       0%         3d3       100%        5
 Enfeeble                 Hex            0%         N/A       100%        7
 Lehudib's Crystal Spear  Conj/Erth      0%         10d2      100%        8
 Tukima's Dance           Hex            Unusable   N/A       N/A         3
 Animate Armour           Summ/Erth      Unusable   N/A       N/A         4
 Simulacrum               Ice/Necr       Unusable   N/A       N/A         6
 Summon Hydra             Summ           Unusable   N/A       N/A         7

Dungeon Overview and Level Annotations

Branches:
Dungeon (14/15)            Temple (1/1) D:7            Lair (5/5) D:9
  Swamp (0/4) Lair:3        Snake (0/4) Lair:3        Slime (0/5) Lair:5
    Orc (2/2) D:11            Elf (0/3) Orc:2        Vaults (0/5) D:13

Altars:
Ashenzari
Cheibriados
Dithmenos
Elyvilon
Fedhas
Gozag
Hepliaklqana
Kikubaaqudgha
Makhleb
Nemelex Xobeh
Okawaru
Qazlal
Ru
Sif Muna
Trog
Uskayaw
Vehumet
Wu Jian
Xom
Yredelemnul
Zin
The Shining One
Jiyva

Shops:
D:3 !   D:5 =   D:7 (   D:8 *?   Orc:2 (!!

Portals:
Abyss: Lair:2
Trove: D:11 (give 19 potions of curing)

Annotations:
D:7 1 runed translucent door
D:14 Azrael
Lair:2 2 transporters, bakla's ghost, journeyman KoDe


Innate Abilities, Weirdness & Mutations

You have a pair of horns on your head.
You reflexively headbutt those who attack you in melee.


Message History

Unknown command.
A hell hound comes into view.
The hell hound barks!
You hear a bark!
Azrael's eyes look fiery.
Azrael gestures at you.
The sphere of damnation explodes!
The damnation engulfs you!!
A hell hound comes into view.
Azrael gestures at you. The bolt of fire hits you!!
The hell hound breathes flames at you. The blast of flame hits you!
The hell hound breathes flames at you.
The blast of flame hits the fire elemental.
The fire elemental completely resists.
The blast of flame misses you.
There is a stone staircase leading up here.
Okay, then.
You climb upwards.
There is a stone staircase leading down here.
You start resting.
HP restored.
It was a potion of degeneration.
There was something very wrong with that liquid.
You feel weakened.
You feel dopey.
You feel clumsy.
You start waiting.
Done waiting.
You start waiting.
Done waiting.
You start waiting.
Done waiting.
Saving game... please wait.
Options error: Invalid setting for tile_player_tile: "" (~/.crawlrc:91) Welcome back, CougarLife the Minotaur Fighter.
Okawaru says: Bring me glory in combat!
Press ? for a list of commands and other information.
Saving game... please wait.
Options error: Invalid setting for tile_player_tile: "" (~/.crawlrc:91) Welcome back, CougarLife the Minotaur Fighter.
Okawaru says: Bring me glory in combat!
Press ? for a list of commands and other information.
Are you sure you want to abandon this character and quit the game? (Confirm with "yes".)

#.# # #.# # #.# #
#.# # #.#### #
#....## # ####..#
# #########.# #
#.@...# #.# #
#>###.###.## #
#.# #..##..# #
#### #.#
##.###.### #
...############.#
#.<.....# #
##..............#
#####.#.# #
#########.######
#.#.## #
#...###### #....#
# ## #.#......##
##...# #


There were no monsters in sight!

Vanquished Creatures
  Jorgrun (Orc:1)
  Gastronok (Lair:3)
  3 orc warlords
  The ghost of Triskal the Ruffian, a journeyman TrTm of Ashenzari (Orc:1)
  A fire dragon (D:13)
  An ice dragon (Lair:5)
  An ogre mage (Orc:1)
  3 boulder beetles
  3 vault guards (D:13)
  6 hydras
  2 catoblepae
  3 centaur warriors
  Erica (Orc:1)
  13 death yaks
  9 two-headed ogres
  An orc high priest (Orc:2)
  A deep elf knight (Orc:1)
  Urug (Orc:1)
  3 lindwurms (Lair:5)
  A bog body (Lair:3)
  An orc knight (Orc:2)
  Pikel (D:7)
  2 deep elf pyromancers (D:13)
  3 orc sorcerers (Orc:2)
  3 deep elf zephyrmancers (Orc:2)
  An oklob plant (Lair:5)
  2 wolf spiders (Lair:5)
  2 cyclopes
  8 ugly things
  A manticore (D:11)
  6 elephants (Lair:2)
  5 torpor snails (Lair:5)
  Maurice (D:11)
  13 black mambas
  A gargoyle (D:12)
  A guardian serpent (Lair:5)
  Joseph (D:7)
  20 cane toads
  A kobold demonologist (D:8)
  A rime drake (Lair:5)
  Maggie (D:7)
  A freezing wraith (D:14)
  11 komodo dragons
  2 tengu conjurers (D:12)
  10 hornets (Lair:5)
  A queen bee (Lair:2)
  2 polar bears
  8 trolls
  3 tyrant leeches (Lair:5)
  5 dream sheep (Lair:5)
  6 slime creatures (D:13)
  3 blink frogs (Lair:2)
  Sigmund (D:2)
  A wraith (D:10)
  55 yaks
  14 wyverns
  7 humans (D:13)
  Grum (D:8)
  5 basilisks
  A steam dragon (Lair:3)
  A redback (Lair:5)
  Menkaure (D:7)
  4 wargs
  6 nagas (Lair:3)
  An acid dragon (D:10)
  20 water moccasins
  A hell hound (D:14)
  48 orc warriors
  3 ice beasts
  A sky beast (D:6)
  4 black bears
  7 wolves
  4 ogres
  21 centaurs
  15 kobold brigands
  11 bullfrogs
  A necrophage (D:7)
  3 gnoll sergeants
  12 scorpions
  10 wights (D:9)
  40 killer bees
  5 howler monkeys
  A jelly (D:6)
  9 hounds
  A gnoll bouda (D:10)
  11 orc priests
  4 iguanas
  3 hell rats
  21 orc wizards
  Robin (D:2)
  13 gnolls
  6 adders
  A shadow imp (D:7)
  5 worms
  4 dart slugs
  93 orcs
  3 ball pythons
  5 endoplasms
  8 giant cockroaches
  11 hobgoblins
  8 jackals
  2 quokkas
  10 bats
  3 frilled lizards
  8 goblins
  22 kobolds
  9 rats
  2 butterflies (D:7)
751 creatures vanquished.

Vanquished Creatures (others)
  2 vault guards (D:13)
  A hell rat (Lair:3)
  38 fungi
  91 plants
  A withered plant (Orc:1)
133 creatures vanquished.

Grand Total: 884 creatures vanquished

Notes
Turn   | Place    | Note
-------+----------+-------------------------------------------
     0 | D:1      | CougarLife the Minotaur Fighter began the quest for the
                  | Orb.
     0 | D:1      | Reached XP level 1. HP: 19/19 MP: 0/0
   301 | D:1      | Reached XP level 2. HP: 27/27 MP: 1/1
   329 | D:1      | Reached skill level 3 in Axes
   916 | D:2      | Noticed Robin
   922 | D:2      | Killed Robin
   923 | D:2      | Reached XP level 3. HP: 8/33 MP: 2/2
  1505 | D:2      | Noticed Sigmund
  1522 | D:2      | Killed Sigmund
  1523 | D:2      | Reached skill level 4 in Axes
  1523 | D:2      | Reached XP level 4. HP: 18/41 MP: 3/3
  1523 | D:2      | Reached XP level 5. HP: 21/47 MP: 4/4
  1710 | D:2      | Reached skill level 5 in Axes
  2296 | D:3      | Reached XP level 6. HP: 52/55 MP: 5/5
  2510 | D:3      | Reached skill level 5 in Fighting
  2510 | D:3      | Reached skill level 5 in Shields
  2792 | D:3      | Found Koelanitt's Distillery.
  3232 | D:3      | Reached skill level 5 in Armour
  4042 | D:5      | Entered Level 5 of the Dungeon
  4055 | D:5      | Reached skill level 6 in Axes
  4055 | D:5      | Reached XP level 7. HP: 44/61 MP: 6/6
  4449 | D:5      | Found Wobol's Jewellery Shoppe.
  5241 | D:6      | Reached skill level 7 in Axes
  5341 | D:6      | Reached XP level 8. HP: 70/70 MP: 7/7
  6093 | D:6      | Reached skill level 8 in Axes
  6268 | D:7      | Found Heipseh's Weapon Shop.
  6320 | D:7      | Noticed Joseph
  6999 | D:7      | Killed Joseph
  7000 | D:7      | Reached skill level 9 in Axes
  7000 | D:7      | Reached XP level 9. HP: 41/79 MP: 8/8
  7195 | D:7      | Found a staircase to the Ecumenical Temple.
  7213 | Temple   | Entered the Ecumenical Temple
  7395 | Temple   | Became a worshipper of Warmaster Okawaru
  7552 | D:7      | Found a runed translucent door.
  7554 | D:7      | Found a runed translucent door.
  7563 | D:7      | Reached skill level 1 in Invocations
  7758 | D:7      | Noticed Maggie
  7780 | D:7      | Killed Maggie
  7780 | D:7      | Reached * piety under Okawaru
  8087 | D:7      | Noticed Pikel
  8099 | D:7      | Killed Pikel
  8099 | D:7      | Reached ** piety under Okawaru
  8100 | D:7      | Reached skill level 10 in Axes
  8275 | D:7      | Found a white marble altar of Elyvilon.
  8455 | D:7      | Noticed Menkaure
  8461 | D:7      | Killed Menkaure
  8760 | D:7      | Reached XP level 10. HP: 81/88 MP: 12/12
  8854 | D:8      | Noticed Grum
  8866 | D:8      | Killed Grum
  8879 | D:8      | Reached *** piety under Okawaru
  9264 | D:8      | Found Xietemeh's Magic Scroll Shop.
  9270 | D:8      | Reached skill level 11 in Axes
  9278 | D:8      | Reached skill level 5 in Invocations
  9349 | D:8      | Found Okkely's General Store.
  9410 | D:8      | Reached **** piety under Okawaru
  9596 | D:8      | Identified the +5 mace "Newtbane" {freeze, Will++ Int+4}
  9674 | D:8      | Noticed a two-headed ogre
  9680 | D:8      | Killed a two-headed ogre
  9865 | D:8      | Reached ***** piety under Okawaru
  9867 | D:8      | Noticed a soul eater
  9876 | D:8      | Reached skill level 12 in Axes
  9887 | D:8      | Reached XP level 11. HP: 78/97 MP: 14/14
  9894 | D:8      | Received a gift from Okawaru
 10582 | D:9      | Found a staircase to the Lair.
 10893 | D:9      | Found a glowing golden altar of the Shining One.
 10922 | D:9      | Noticed a two-headed ogre
 10930 | D:9      | Killed a two-headed ogre
 11290 | D:9      | Identified the +9 war axe "Qeucud" {vorpal, Fly Will+
                  | Str+2}
 11817 | D:10     | Entered Level 10 of the Dungeon
 11913 | D:10     | Identified the +7 broad axe "Ixerobb" {pain, rPois rC+
                  | Str+4 Stlth-} (Okawaru gifted it to you on level 10 of the
                  | Dungeon)
 11913 | D:10     | Received a gift from Okawaru
 12011 | D:10     | Found a hazy altar of Hepliaklqana.
 12021 | D:10     | Found a shadowy altar of Dithmenos.
 12352 | D:10     | Reached skill level 10 in Shields
 12457 | D:10     | Reached skill level 13 in Axes
 12941 | D:11     | Noticed Maurice
 12951 | D:11     | Killed Maurice
 12952 | D:11     | Reached skill level 10 in Armour
 12979 | D:11     | Reached skill level 10 in Fighting
 13130 | D:11     | Found a staircase to the Orcish Mines.
 13157 | D:11     | Found a portal to a secret trove of treasure.
 13447 | Lair:1   | Entered Level 1 of the Lair of Beasts
 13508 | D:11     | Noticed a boulder beetle
 13539 | D:11     | Killed a boulder beetle
 13540 | D:11     | Reached XP level 12. HP: 95/106 MP: 17/17
 14013 | Lair:1   | Found a sacrificial altar of Ru.
 14368 | Lair:1   | Reached ****** piety under Okawaru
 14453 | Lair:1   | Received a gift from Okawaru
 15269 | Lair:2   | Reached skill level 14 in Axes
 15380 | Lair:2   | Found a one-way gate to the infinite horrors of the Abyss.
 15380 | Lair:2   | Noticed bakla's ghost (journeyman KoDe)
 15923 | Lair:2   | Found a transporter.
 15933 | Lair:2   | Found a transporter.
 15946 | Lair:2   | Noticed a rakshasa
 16354 | Lair:3   | Identified the +1 hat of Okawaru's Supremacy {rPois rF-
                  | Will+} (Okawaru gifted it to you on level 3 of the Lair of
                  | Beasts)
 16354 | Lair:3   | Received a gift from Okawaru
 16384 | Lair:3   | Reached skill level 10 in Invocations
 16437 | Lair:3   | Found a staircase to the Swamp.
 16515 | Lair:3   | Noticed a death yak
 16515 | Lair:3   | Noticed a death yak
 16518 | Lair:3   | Noticed a death yak
 16530 | Lair:3   | Killed a death yak
 16532 | Lair:3   | Killed a death yak
 16533 | Lair:3   | Killed a death yak
 16792 | Lair:3   | Noticed an eight-headed hydra
 16931 | Lair:2   | Reached skill level 15 in Axes
 16931 | Lair:2   | Reached XP level 13. HP: 56/113 MP: 19/19
 17590 | Lair:3   | Reached skill level 1 in Throwing
 17870 | Lair:3   | Noticed Gastronok
 17884 | Lair:3   | Killed Gastronok
 18374 | Lair:3   | Found a staircase to the Snake Pit.
 18806 | Orc:1    | Entered Level 1 of the Orcish Mines
 18912 | Orc:1    | Noticed Jorgrun
 18944 | Orc:1    | Killed Jorgrun
 19220 | Orc:1    | Found a runed translucent door.
 19220 | Orc:1    | Noticed Triskal's ghost (journeyman TrTm)
 19397 | Orc:1    | Killed Triskal's ghost
 19464 | Orc:2    | Entered Level 2 of the Orcish Mines
 20270 | Orc:2    | Noticed an orc warlord
 21206 | Lair:4   | Reached skill level 16 in Axes
 21206 | Lair:4   | Received a gift from Okawaru
 22038 | Lair:5   | Entered Level 5 of the Lair of Beasts
 22111 | Lair:4   | Reached skill level 5 in Throwing
 22382 | Lair:5   | Received a gift from Okawaru
 22404 | Lair:5   | Reached XP level 14. HP: 96/126 MP: 15/20
 22720 | Lair:5   | Found a runed translucent door.
 23922 | Lair:5   | Reached skill level 17 in Axes
 24929 | Lair:5   | Received a gift from Okawaru
 24929 | Lair:5   | Found the +3 pair of mountain boots {steadfast, rC+}
 25607 | Lair:5   | Found a viscous altar of Jiyva.
 25608 | Lair:5   | Found a staircase to the Slime Pits.
 27013 | D:12     | Reached XP level 15. HP: 136/136 MP: 21/21
 27500 | Orc:2    | Killed an orc warlord
 27701 | Orc:2    | Identified the +1 chain mail "Goall" {rF- rN+++ Str+8
                  | Int-4}
 27753 | Orc:2    | Found a staircase to the Elven Halls.
 27848 | Orc:2    | Reached skill level 18 in Axes
 27861 | Orc:2    | Noticed an orc warlord
 28096 | Orc:1    | Killed an orc warlord
 28096 | Orc:1    | Identified the +1 ring mail "Joff" {rC- Will- Dex+9 Stlth+}
                  | (Okawaru gifted it to you on level 1 of the Orcish Mines)
 28096 | Orc:1    | Received a gift from Okawaru
 28489 | Orc:1    | Noticed Erica
 28819 | Orc:1    | Killed Erica
 29043 | Orc:2    | Found Yskaoxt's Distillery.
 29043 | Orc:2    | Found Kyzxuita's Distillery.
 29043 | Orc:2    | Found Cuogugg's Magic Scroll Boutique.
 29046 | Orc:2    | Found Teumioqo's Weapon Shoppe.
 29093 | Orc:2    | Noticed an orc warlord
 29116 | Orc:2    | Killed an orc warlord
 29995 | Orc:1    | Noticed Urug
 30008 | Orc:1    | Killed Urug
 30518 | D:13     | Found an ancient bone altar of Kikubaaqudgha.
 31763 | D:13     | Reached skill level 10 in Throwing
 31805 | D:13     | Found a gate to the Vaults.
 32306 | D:14     | Noticed Azrael
 33007 | D:13     | Upgraded the game from 0.29.1-1-gd02db6906a to
                  | 0.29.1-15-g9cfb28693d
 33007 | D:13     | Quit the game

Illustrated notes

Levels and vault maps discovered:
D:1:      dpeg_arrival_prison, layout_basic
D:2:      layout_basic, kennysheep_generic_room_5, uniq_robin, uniq_sigmund
D:3:      layout_basic, serial_shops, shop
D:4:      layout_loops_ring, serial_glass, glass_columns_a, glass_columns_a
D:5:      layout_basic, serial_shops, nicolae_shop_stone
D:6:      layout_basic
D:7:      lemuel_insect_pit, layout_basic, nicolae_elyvilon_temple_path,
          minmay_temple_entry_gardened_gates, serial_shops,
          nicolae_shop_advertising_works [nicolae_subvault_shop_adworks],
          uniq_joseph, uniq_pikel, uniq_maggie, uniq_menkaure
D:8:      minmay_octagon_keep, layout_loops_ring, special_room
          [special_room_kobold], serial_shops, nicolae_take_the_stairs,
          nicolae_shop_hallway_stairs, uniq_grum
D:9:      layout_stronghold, general_overflow_altar, david_lair_generic
D:10:     layout_cave_pods, riverfiend_overflow_shadow_ancestor,
          serial_gnoll_camp, gnoll_camp_mini_hut, gnoll_camp_mini_hut,
          gnoll_camp_mini_doghouse, gnoll_camp_mini_hut,
          gnoll_camp_mini_sergeant, gnoll_camp_mini_basic
D:11:     layout_loops_cross, orc_0_dummy, enter_trove_2, uniq_maurice
D:12:     layout_cave_pods
D:13:     dragon1_lemuel, layout_rooms, ximxim_vaults_locker_room,
          kiku_gazebo_pond_becter
D:14:     layout_cave_pools, hangedman_decor_diamond_cutter, uniq_azrael
Temple:   mainiacjoe_temple_bowtie_tessellation
Lair:1:   layout_cave_pods, basic_altar, st_stairs_9,
          chequers_serial_rivers_micro_d, serial_bayou_shore_a
Lair:2:   layout_roguey [special_room_bee], gammafunk_ghost_abyssal_escape,
          infiniplex_staircase_pool_2
Lair:3:   layout_roguey, skrybe_swamp_entry_bodies,
          minmay_snake_entry_guardpost_medium, kennysheep_basilisk_garden,
          uniq_gastronok
Lair:4:   layout_hall_layers, grunt_megastairs_4, serial_bayou_shore_b
Lair:5:   hangedman_lair_tendril_chambers, layout_misc_corridors, wormcave,
          dpeg_slime_entry_corner, grunt_megastairs_5
Orc:1:    layout_diamond_mine, gammafunk_ghost_grave, uniq_urug, uniq_jorgrun,
          uniq_erica
Orc:2:    st_orc_rangers, layout_caves, elf_legates

Skill      XL: |  1  2  3  4  5  6  7  8  9 10 11 12 13 14 15 |
---------------+----------------------------------------------+-----
Axes           | 3 4 5 6 7 9 10 12 13 15 16 17 18 | 18.0
Fighting       | 4 5 6 7 8 9 10 11 12 13 14 | 14.3
Armour         | 4 5 6 7 8 9 10 11 12 13 14 | 14.4
Shields        | 4 5 6 7 8 9 10 11 12 13 14 | 14.4
Invocations    | 4 6 8 10 | 10.2
Throwing       | 5 8 10 | 10.3

Action                   |  1- 3 |  4- 6 |  7- 9 | 10-12 | 13-15 || total
-------------------------+-------+-------+-------+-------+-------++-------
Melee: War axe           |    69 |   137 |   233 |   356 |   309 ||  1104
       Headbutt          |     9 |    17 |    36 |    77 |   208 ||   347
       Broad axe         |       |       |       |   164 |   584 ||   748
       Mace              |       |       |       |       |    29 ||    29
Throw: Dart              |       |       |    14 |    59 |   219 ||   292
       Throwing net      |       |       |       |     1 |       ||     1
       Boomerang         |       |       |       |     2 |    39 ||    41
       Javelin           |       |       |       |       |     5 ||     5
Invok: Heroism           |       |       |       |     8 |    17 ||    25
       Finesse           |       |       |       |       |     4 ||     4
  Use: Potion            |     2 |       |     2 |     1 |     6 ||    11
       Scroll            |       |       |       |    16 |    11 ||    27
 Stab: Petrified         |       |       |       |       |     3 ||     3
Armor: Scale mail        |    41 |    67 |    97 |       |       ||   205
       Swamp dragon scal |       |       |    30 |   126 |       ||   156
       Acid dragon scale |       |       |       |   128 |   290 ||   418
       Ice dragon scales |       |       |       |       |    62 ||    62
Dodge: Dodged            |    36 |    88 |   129 |   314 |   556 ||  1123
Block: Buckler           |    20 |    34 |    62 |   180 |   367 ||   663
       Tower shield      |       |       |       |       |   120 ||   120
